 Dungeon Crawl Stone Soup version 0.22.0-38-g04b72b8 (console) character file.

202 nht the Insei (level 5, -3/37 HPs)
             Began as a Merfolk Transmuter on Aug 30, 2018.
             Was an Initiate of Nemelex Xobeh.
             Slain by a wyvern (16 damage)
             ... summoned by the player character
             ... on level 4 of the Dungeon.
             The game lasted 00:05:06 (1941 turns).

nht the Insei (Merfolk Transmuter)                  Turns: 1941, Time: 00:05:07

Health: -3/37      AC:  2    Str: 10    XL:     5   Next: 80%
Magic:  8/8        EV: 14    Int: 14    God:    Nemelex Xobeh [......]
Gold:   175        SH:  0    Dex: 14    Spells: 5/8 levels left

rFire    . . .     SeeInvis .     - Unarmed
rCold    . . .     Gourm    .   (no shield)
rNeg     + . .     Faith    .   b - +0 robe
rPois    .         Spirit   .   (no helmet)
rElec    .         Reflect  .   (no cloak)
rCorr    .         Harm     .   (no gloves)
MR       .....                  (no boots)
Stlth    +.........             (no amulet)
HPRegen  0.12/turn              e - +1 ring of evasion
MPRegen  0.11/turn              k - ring of positive energy

@: no status effects
A: change form in water, swift swim, stealthy swim
a: Renounce Religion


You were on level 4 of the Dungeon.
You worshipped Nemelex Xobeh.
Nemelex Xobeh was noncommittal.
You were not hungry.

You visited 1 branch of the dungeon, and saw 5 of its levels.

You collected 175 gold pieces.

Inventory:

Missiles
 a - 27 arrows
Armour
 b - a +0 robe (worn)
Jewellery
 e - a +1 ring of evasion (left hand)
 k - a ring of positive energy (right hand)
Scrolls
 i - a scroll of identify
 j - a scroll of remove curse
Potions
 f - a potion of heal wounds
 h - a potion of lignification
 m - a potion of berserk rage
Comestibles
 d - 4 rations
 l - 8 chunks of flesh


   Skills:
 - Level 1.1 Fighting
 - Level 2.6 Dodging
 * Level 6.0 Unarmed Combat
 - Level 2.0 Spellcasting
 + Level 4.9 Transmutations


You had 5 spell levels left.
You knew the following spells:

 Your Spells              Type           Power        Failure   Level  Hunger
b - Spider Form           Tmut/Pois      #.........   26%         3    ####...

Your spell library contained the following spells:

 Spells                   Type           Power        Failure   Level  Hunger
 Beastly Appendage        Tmut           ###...       3%          1    ##.....
 Sticks to Snakes         Tmut           ###.....     4%          2    ###....
 Ice Form                 Ice/Tmut       #.......     65%         4    #####..
 Blade Hands              Tmut           ###.......   65%         5    ######.


Dungeon Overview and Level Annotations

Branches:
Dungeon (5/15)
 Temple: D:4-7

Altars:
Cheibriados
Nemelex Xobeh
Okawaru

Annotations:
D:4 Duvessa


Message History

Your memory of Beastly Appendage unravels.
Evoke which item? (* to show all) (? for menu, Esc to quit)
You draw a card...
It is Foxfire.
Evoke which item? (* to show all) (? for menu, Esc to quit)
You draw a card...
It is Foxfire.
The deck of cards glows slightly and disappears.
Your wyvern closely misses the wyvern.
Some of the chunks of flesh in your inventory have rotted away.
Your wyvern closely misses the wyvern.
Your wyvern barely misses the wyvern.
The quokka bites your wyvern but does no damage.
The wyvern closely misses you.
Your wyvern bites the wyvern!
Your wyvern barely misses the quokka.
The quokka closely misses your wyvern. The wyvern barely misses you.
Your wyvern bites the quokka!
The quokka dies!
Your wyvern barely misses the wyvern.
Your wyvern closely misses the wyvern.
Your wyvern bites Duvessa!
The wyvern bites you!
You die...
Your body disappears without a glow.

███........█ ..
█..........██ █.
██...........█
█.████............█
██.................█
.██...█.......>......█
.....................█
....................██
█.@█..........██ .
██ll.....███████
....████l.......█
......ell█.██.███
......l....██.█
.....†.$.████.█
.........█ █.█
.......... █..
..........█ █..


You could see Duvessa, 2 wyverns and 4 friendly wyverns.

Vanquished Creatures
  4 adders
  6 worms
  2 dart slugs
  A leopard gecko (D:2)
  An orc (D:3)
  3 giant cockroaches
  6 goblins
  5 hobgoblins
  2 jackals (D:3)
  A quokka (D:3)
  5 bats
  2 frilled lizards
  6 kobolds
  A leopard gecko skeleton (D:5)
  8 rats
53 creatures vanquished.

Vanquished Creatures (collateral kills)
  A phantom (D:5)
  A jelly (D:5)
  A worker ant (D:5)
  A hound skeleton (D:5)
  An adder (D:5)
  3 orcs (D:5)
  A bat (D:3)
  A goblin (D:3)
  4 jackals (D:3)
  A quokka (D:4)
  A frilled lizard (D:5)
16 creatures vanquished.

Grand Total: 69 creatures vanquished

Notes
Turn   | Place    | Note
-------+----------+-------------------------------------------
     0 | D:1      | nht the Merfolk Transmuter began the quest for the Orb.
     0 | D:1      | Reached XP level 1. HP: 15/15 MP: 3/3
   306 | D:1      | Reached XP level 2. HP: 21/21 MP: 3/5
   812 | D:2      | Reached skill level 4 in Unarmed Combat
   818 | D:2      | Reached XP level 3. HP: 12/26 MP: 4/6
   949 | D:2      | Learned a level 3 spell: Spider Form
  1012 | D:2      | Reached XP level 4. HP: 23/32 MP: 2/7
  1059 | D:2      | Found a sparkling altar of Nemelex Xobeh.
  1067 | D:2      | Became a worshipper of Nemelex Xobeh the Trickster
  1256 | D:2      | Received a gift from Nemelex Xobeh
  1566 | D:3      | Found an iron altar of Okawaru.
  1667 | D:3      | Reached skill level 5 in Unarmed Combat
  1781 | D:3      | Found a snail-covered altar of Cheibriados.
  1851 | D:3      | You fall through a shaft for 2 floors!
  1851 | D:5      | Entered Level 5 of the Dungeon
  1853 | D:5      | Reached XP level 5. HP: 14/37 MP: 8/8
  1859 | D:5      | Noticed a phantom
  1865 | D:5      | Killed a phantom
  1877 | D:5      | Reached skill level 6 in Unarmed Combat
  1935 | D:4      | Noticed Duvessa
  1937 | D:4      | Noticed a wyvern
  1938 | D:4      | Noticed a wyvern
  1941 | D:4      | Slain by a wyvern

Skill      XL: |  1  2  3  4  5 |
---------------+----------------+-----
Transmutations | 3 4 |  4.9
Unarmed Combat | 4 5 6 |  6.0
Fighting       | |  1.1
Dodging        | |  2.6
Spellcasting   | |  2.0

Action                   |  1- 3 |  4- 6 || total
-------------------------+-------+-------++-------
Melee: Unarmed           |    89 |    77 ||   166
       Headbutt          |     8 |       ||     8
       Punch             |     1 |     1 ||     2
 Cast: Beastly Appendage |    15 |       ||    15
       Spider Form       |     3 |     8 ||    11
Evoke: Deck              |       |     6 ||     6
  Use: Scroll            |     3 |     5 ||     8
       Potion            |     2 |     4 ||     6
 Stab: Sleeping          |     2 |       ||     2
  Eat: Chunk             |     1 |     5 ||     6
Armor: Robe              |     4 |     4 ||     8
       Skin              |     2 |    19 ||    21
Dodge: Dodged            |    59 |    71 ||   130
